 Dungeon Crawl Stone Soup version 0.14-a0-3109-ga7442b6 (console) character file.

333 Cab the Shield-Bearer (level 5, -2/47 HPs)
             Began as a Minotaur Fighter on Mar 7, 2014.
             Slain by Grinder (7 damage)
             ... while paralysed by Grinder
             ... on Level 3 of the Dungeon.
             The game lasted 00:10:36 (1421 turns).

Cab the Shield-Bearer (Minotaur Fighter)            Turns: 1421, Time: 00:10:36

HP  -2/47        AC 14     Str 21      XL: 5   Next:  7%
MP   2/2         EV  2     Int  5      God:
Gold 186         SH  0     Dex 10      Spells:  0 memorised,  4 levels left

rFire  . . .     SeeInvis .     a - +0 flail
rCold  . . .     Clarity  .     g - +0 plate armour
rNeg   . . .     Conserve .     c - +0 shield
rPois  .         rCorr    .     (helmet restricted)
rElec  .         rRot     .     (no cloak)
SustAb . .       Spirit   .     h - +0 pair of gloves
rMut   .         Warding  .     (no boots)
Saprov . . .     Stasis   .     (no amulet)
MR     .....                    (no ring)
                                l - +1 ring of protection

@: paralysed, not resistant to hostile enchantments, extremely unstealthy
A: retaliatory headbutt, horns 2
a: no special abilities


You were on level 3 of the Dungeon.
You were not hungry.

You visited 1 branch of the dungeon, and saw 3 of its levels.

You collected 186 gold pieces.

Inventory:

Hand weapons
 a - a +0,+0 flail (weapon)
Armour
 b - a +0 scale mail
 c - a +0 shield (worn)
 g - a +0 plate armour (worn)
 h - a +0 pair of gloves (worn)
Magical devices
 p - a wand of digging (5) {unknown}
Comestibles
 d - a bread ration
 i - 3 meat rations
Scrolls
 e - 2 scrolls of identify
 k - a scroll of amnesia {unknown}
 m - a scroll of fog {unknown}
 o - 2 scrolls of remove curse {unknown}
Jewellery
 l - a +1 ring of protection (left hand)
Potions
 f - 2 potions of agility
 n - a potion of speed {unknown}


   Skills:
 - Level 4.6 Fighting
 + Level 3.4 Maces & Flails
 - Level 4.3 Armour
 - Level 1.0 Dodging
 - Level 0.3 Stealth
 - Level 4.9 Shields


You had 4 spell levels left.
You didn't know any spells.

Dungeon Overview and Level Annotations

Branches:
Dungeon (3/16)

Altars:

Annotations:
D:3 Grinder


Innate Abilities, Weirdness & Mutations

You reflexively headbutt those who attack you in melee.
You have a pair of horns on your head.


Message History

You block Grinder's attack.
You barely miss Grinder.
Grinder is heavily wounded.
Grinder barely misses you.
You barely miss Grinder.
Grinder is heavily wounded.
Grinder hits you but does no damage.
You hit Grinder but do no damage.
Grinder is heavily wounded.
You block Grinder's attack.
You hit Grinder but do no damage.
Grinder is heavily wounded.
Grinder gestures at you. You resist with significant effort.
Grinder says, "At least Makhleb appreciates what I'm doing."
Grinder gestures at you.
You suddenly lose the ability to move!
Grinder hits you but does no damage. Grinder hits you!
You die...

▒∙∙▒∙=∙∙∙
▒∙∙∙∙∙∙∙>∙∙▒
▒∙∙▒∙∙∙∙∙∙
■∙∙▒▒▒▒▒▒▒▒▒
▒∙∙▒∙∙∙∙∙∙∙ ▒∙∙▒
▒∙∙▒∙∙∙∙∙∙∙ ▒∙∙▒
▒∙∙▒∙∙∙∙∙∙∙ ▒∙∙▒
▒∙∙▒∙∙∙∙∙∙∙∙▒∙∙▒
▒∙∙%∙∙∙∙∙∙∙(▒∙∙▒
▒∙∙▒∙∙∙∙∙∙∙∙▒∙∙▒
▒▒∙▒▒▒▒▒▒▒▒▒▒@∙▒
▒∙∙∙∙∙∙∙∙∙∙5∙▒▒
▒▒▒▒▒▒▒▒▒▒▒▒▒▒


You could see Grinder.

Vanquished Creatures
  Sigmund (D:3)
  3 adders
  A giant mite (D:3)
  4 ball pythons
  2 giant cockroaches (D:2)
  5 hobgoblins
  A quokka (D:3)
  6 bats
  5 giant newts
  4 goblins
  3 kobolds
  8 rats
43 creatures vanquished.

Notes
Turn   | Place    | Note
--------------------------------------------------------------
     0 | D:1      | Cab, the Minotaur Fighter, began the quest for the Orb.
     0 | D:1      | Reached XP level 1. HP: 19/19 MP: 1/1
   338 | D:1      | Reached XP level 2. HP: 27/27 MP: 1/1
   498 | D:1      | Reached skill level 4 in Fighting
   696 | D:2      | Reached XP level 3. HP: 33/33 MP: 2/2
  1271 | D:3      | Noticed Sigmund
  1293 | D:3      | Killed Sigmund
  1293 | D:3      | Reached skill level 1 in Dodging
  1293 | D:3      | Reached XP level 4. HP: 26/41 MP: 2/2
  1341 | D:3      | Noticed Grinder
  1342 | D:3      | Paralysed by Grinder for 2 turns
  1346 | D:3      | Reached XP level 5. HP: 30/47 MP: 2/2
  1358 | D:3      | Paralysed by Grinder for 3 turns
  1386 | D:3      | Paralysed by Grinder for 7 turns
  1404 | D:3      | Paralysed by Grinder for 6 turns
  1419 | D:3      | Paralysed by Grinder for 4 turns
  1421 | D:3      | Slain by Grinder

Action                   |  1- 3 |  4- 6 || total
-------------------------+-------+-------++-------
Melee: Flail             |    92 |    39 ||   131
  Use: Scroll            |     1 |       ||     1
       Potion            |       |     3 ||     3
